 Dungeon Crawl Stone Soup version 0.24.0-13-gcf9b319 (webtiles) character file.

Game seed: 3249756936368041105, levelgen mode: deterministic

81 Arex the Skirmisher (level 4, -2/37 HPs)
             Began as a Formicid Abyssal Knight on Jan 18, 2020.
             Was a Believer of Lugonu.
             Slain by a gnoll (3 damage)
             ... on level 2 of the Dungeon.
             The game lasted 00:02:47 (1708 turns).

Arex the Skirmisher (Formicid Abyssal Knight)       Turns: 1708, Time: 00:02:48

Health: -2/37      AC:  5    Str: 17    XL:     4   Next: 68%
Magic:  6/6        EV: 10    Int: 12    God:    Lugonu [**....]
Gold:   58         SH:  4    Dex: 10    Spells: 3/3 levels left

rFire    x . .     SeeInvis +   a - +1 mace
rCold    + . .     Gourm    .   d - +0 buckler
rNeg     . . .     Faith    .   e - +0 ring mail
rPois    .         Spirit   .   (helmet unavailable)
rElec    .         Reflect  .   (no cloak)
rCorr    .         Harm     .   (no gloves)
MR       .....                  (no boots)
Stlth    ..........             (no amulet)
HPRegen  0.12/turn              n - ring of ice
MPRegen  0.10/turn              (no ring)

@: no status effects
A: permanent stasis, dig shafts and tunnels, four strong arms, antennae 3
a: Dig, Shaft Self, Depart the Abyss, Bend Space, Renounce Religion


You were on level 2 of the Dungeon.
You worshipped Lugonu.
Lugonu was pleased with you.
You were not hungry.

You visited 1 branch of the dungeon, and saw 2 of its levels.
You visited the Abyss 1 time.

You collected 58 gold pieces.

Inventory:

Hand Weapons
 a - a +1 mace (weapon)
Armour
 b - a +0 leather armour
 d - a +0 buckler (worn)
 e - a +0 ring mail (worn)
Jewellery
 n - a ring of ice (left hand)
Wands
 f - a wand of enslavement (10)
Scrolls
 g - 2 scrolls of identify {unknown}
 h - 2 scrolls of remove curse
 j - a scroll of immolation {unknown}
 k - 2 scrolls of teleportation {unknown}
Potions
 i - a potion of haste {unknown}
 m - a potion of degeneration {unknown}
Comestibles
 c - 4 rations
 l - 4 chunks of flesh


   Skills:
 + Level 3.8 Fighting
 + Level 2.6 Maces & Flails
 + Level 2.9 Armour
 - Level 0.8 Dodging
 + Level 1.9 Shields
 + Level 3.0 Invocations


You had 3 spell levels left.
You didn't know any spells.
Your spell library was empty.

Dungeon Overview and Level Annotations

Branches:
Dungeon (2/15)

Altars:
Elyvilon
Gozag


Innate Abilities, Weirdness & Mutations

You cannot be hasted, slowed, berserked, paralysed or teleported.
You can dig through walls and to a lower floor.
Your four strong arms can wield two-handed weapons with a shield.
You have a pair of large antennae on your head. (SInv)


Message History

You are too injured to fight recklessly!
The gnoll throws a throwing net.
The throwing net closely misses you. The gnoll hits you.
Okay, then.
You see here a throwing net.
You hit the gnoll but do no damage. The gnoll hits you with a +0 whip.
* * * LOW HITPOINT WARNING * * *
The gnoll hits you from afar with a +0 spear!
* * * LOW HITPOINT WARNING * * *
Unknown command.
You hit the gnoll but do no damage.
The gnoll hits you from afar with a +0 spear.
* * * LOW HITPOINT WARNING * * *
You hit the gnoll.
The gnoll is moderately wounded.
The gnoll hits you but does no damage. x2; The gnoll closely misses you.
You hit the gnoll.
The gnoll is heavily wounded.
The gnoll hits you but does no damage. The gnoll hits you.
You die...

.......#### #..#
..).#### #..#
..#># #..# ###.#
#).# #.# #..# #..
#..###### ###
#gg...... ##
#g####### .# #@##
## #..#
##############.##
###.≈≈≈≈≈≈≈≈≈.##.#
##...≈≈≈≈≈≈≈...#.#
.#.............#.#
...†.............#
##.)...........###
.#...≈≈≈≈≈≈≈...#


You could see 3 gnolls.

Vanquished Creatures
  A gnoll (D:2)
  An adder (D:2)
  2 oozes (D:1)
  A worm (D:2)
  2 dart slugs (D:1)
  2 leopard geckos
  5 giant cockroaches
  5 goblins (D:1)
  3 hobgoblins
  2 jackals (D:2)
  8 kobolds
  6 bats
  4 frilled lizards
  2 rats (D:1)
44 creatures vanquished.

Notes
Turn   | Place    | Note
-------+----------+-------------------------------------------
     0 | Abyss:1  | Arex the Formicid Abyssal Knight began the quest for the
                  | Orb.
     0 | Abyss:1  | Reached XP level 1. HP: 18/18 MP: 2/2
    21 | Abyss:1  | Found a shimmering blue altar of Sif Muna.
    39 | Abyss:1  | Noticed a small abomination
    43 | Abyss:1  | Noticed a rust devil
    46 | D:1      | Escaped the Abyss
   146 | D:1      | Reached XP level 2. HP: 10/24 MP: 3/3
   369 | D:1      | Reached * piety under Lugonu
   438 | D:1      | Reached skill level 1 in Shields
   467 | D:1      | Reached XP level 3. HP: 29/29 MP: 4/4
  1145 | D:2      | Reached XP level 4. HP: 35/37 MP: 6/6
  1361 | D:2      | Found an opulent altar of Gozag.
  1449 | D:2      | Found a white marble altar of Elyvilon.
  1614 | D:2      | Reached ** piety under Lugonu
  1706 | D:2      | HP: 1/37 [gnoll/+0 spear (1)]
  1708 | D:2      | Slain by a gnoll

Levels and vault maps discovered:
D:1:      evilmike_arrival_rings, layout_loops_ring
D:2:      minmay_kobold_bridge, layout_loops_ring,
          nicolae_overflow_crystal_walls, grunt_gozag_breadcrumbs

Skill      XL: |  1  2  3  4 |
---------------+-------------+-----
Shields        | 1 |  1.9
Invocations    | 3 |  3.0
Fighting       | |  3.8
Maces & Flails | |  2.6
Armour         | |  2.9
Dodging        | |  0.8

Action                   |  1- 3 |  4- 6 || total
-------------------------+-------+-------++-------
Melee: Mace              |   109 |    50 ||   159
Invok: Depart the Abyss  |     1 |       ||     1
  Use: Scroll            |     1 |       ||     1
  Eat: Chunk             |     1 |     2 ||     3
Armor: Leather armour    |     1 |       ||     1
       Ring mail         |    47 |    27 ||    74
Dodge: Dodged            |    67 |    30 ||    97
Block: Buckler           |    21 |     2 ||    23
